 Dungeon Crawl Stone Soup version 0.21.1-1-g345015fe64 (webtiles) character file.

291054 HivePlant the Executioner (level 20, -3/191 HPs)
             Began as a Minotaur Berserker on July 7, 2018.
             Was a High Priest of Trog.
             Splashed by an acid blob's acid (12 damage)
             ... on level 2 of the Pits of Slime.
             The game lasted 07:06:21 (52295 turns).

HivePlant the Executioner (Minotaur Berserker)     Turns: 52295, Time: 07:06:23

Health: -3/191     AC: 29    Str: 43    XL:     20   Next: 29%
Magic:  23/23      EV: 16    Int:  7    God:    Trog [*****.]
Gold:   2979       SH: 21    Dex: 17    Spells: 19/19 levels left

rFire    + + .     SeeInvis +   U - +3 broad axe "Uhesch" {protect, rElec rN+ SInv}
rCold    + . .     Gourm    +   s - +0 large shield
rNeg     + . .     Faith    .   H - +2 crystal plate armour
rPois    .         Spirit   .   R - +2 hat
rElec    +         Reflect  .   Z - scarf {rC+ rF+}
rCorr    .         Harm     .   J - +0 pair of gloves of Nixuepp {rElec}
MR       ++...                  r - +0 pair of boots of Sashom {rF+ MR+ Dex+3}
Stlth    ..........             z - amulet of Fario {Gourm *Slow +Blink Str+6 Int+3}
HPRegen  0.41/turn              l - +5 ring of strength
MPRegen  0.18/turn              I - +5 ring of dexterity

@: corroded, slowed, very slow
A: retaliatory headbutt, horns 2, deterioration 1
}: 1/15 runes: serpentine
a: Berserk, Trog's Hand, Brothers in Arms, Burn Spellbooks, Renounce Religion,
Evoke Blink


You were on level 2 of the Pits of Slime.
You worshipped Trog.
Trog was extremely pleased with you.
You were not hungry.

You visited 8 branches of the dungeon, and saw 38 of its levels.
You visited 1 bazaar.
You also visited: Labyrinth, Sewer, Ossuary and Bailey.

You collected 4123 gold pieces.
You spent 1144 gold pieces at shops.

Inventory:

Hand Weapons
 U - the +3 broad axe "Uhesch" (weapon) {protect, rElec rN+ SInv}
   (You acquired it in a bazaar)

   It protects the one who uses it against injury (+AC on strike).
   It insulates you from electricity.
   It protects you from negative energy.
   It lets you see invisible.
Armour
 h - a +1 buckler of positive energy
 r - the +0 pair of boots of Sashom (worn) {rF+ MR+ Dex+3}
   (You found it on level 15 of the Dungeon)

   It affects your dexterity (+3).
   It protects you from fire.
   It affects your resistance to hostile enchantments.
 s - a +0 large shield (worn)
 H - a +2 crystal plate armour (worn)
 J - the +0 pair of gloves of Nixuepp (worn) {rElec}
   (You acquired it in a bazaar)

   It insulates you from electricity.
 R - a +2 hat (worn)
 Z - a scarf of resistance (worn)
Jewellery
 l - a +5 ring of strength (left hand)
 z - the amulet of Fario (around neck) {Gourm *Slow +Blink Str+6 Int+3}
   (You found it in a labyrinth)

   [amulet of the gourmand]

   It allows you to eat raw meat even when not hungry.
   It affects your strength (+6).
   It affects your intelligence (+3).
   It lets you blink.
   It may slow you when you take damage.
 I - a +5 ring of dexterity (right hand)
Wands
 a - a wand of enslavement (18)
 j - a wand of iceblast (35)
 q - a wand of flame (24)
 u - a wand of random effects (25)
 w - a wand of acid (11)
 M - a wand of digging (9)
 P - a wand of polymorph (26)
 Q - a wand of clouds (1)
 S - a wand of scattershot (3)
 T - a wand of paralysis (39)
Scrolls
 e - 14 scrolls of teleportation
 o - 9 scrolls of blinking
 p - a scroll of silence
 x - 10 scrolls of enchant armour
 D - 15 scrolls of remove curse
 E - 9 scrolls of fog
 F - 9 scrolls of fear
 G - 6 scrolls of magic mapping
 K - 5 scrolls of enchant weapon
 N - a scroll of brand weapon
 O - 2 scrolls of summoning
 W - 11 scrolls of identify
Potions
 b - 8 potions of brilliance
 f - a potion of cancellation
 g - 14 potions of curing
 i - 7 potions of heal wounds
 m - 5 potions of flight
 n - 3 potions of haste
 v - 5 potions of lignification
 A - 3 potions of invisibility
 B - a potion of ambrosia
 C - 10 potions of might
 V - 4 potions of mutation
Miscellaneous
 k - a lightning rod (2/4)
 y - a fan of gales
 Y - 4 phantom mirrors
Comestibles
 c - 52 rations


   Skills:
 + Level 19.2 Fighting
 * Level 23.7 Axes
 - Level 4.0 Throwing
 - Level 19.0 Armour
 + Level 17.7 Dodging
 * Level 7.9 Shields
 - Level 6.0 Evocations


You had 19 spell levels left.
You didn't know any spells.

Dungeon Overview and Level Annotations

Branches:
Dungeon (15/15)            Temple (1/1) D:4            Lair (6/6) D:10
 Shoals (4/4) Lair:4        Snake (4/4) Lair:4        Slime (3/5) Lair:5
    Orc (2/2) D:10            Elf (3/3) Orc:2        Vaults (0/5) D:13
 Depths (0/5) D:15

Altars:
Ashenzari
Dithmenos
Elyvilon
Fedhas
Gozag
Hepliaklqana
Kikubaaqudgha
Makhleb
Nemelex Xobeh
Okawaru
Qazlal
Sif Muna
Trog
Uskayaw
Vehumet
Wu Jian
Xom
Yredelemnul
The Shining One
Beogh
Jiyva
Lugonu

Shops:
D:12 *   D:13 *   Orc:2 (*=!   Elf:2 *   Shoals:2 (   Snake:3 *

Annotations:
D:6 1 exclusion
D:10 1 exclusion
Lair:1 8 exclusions
Shoals:4 Ilsuiw
Elf:2 exclusion: orange crystal statue


Innate Abilities, Weirdness & Mutations

You reflexively headbutt those who attack you in melee.
You have a pair of horns on your head.
Your body sometimes deteriorates upon taking damage.


Message History

* * * LOW HITPOINT WARNING * * *
The azure jelly hits you.
* * * LOW HITPOINT WARNING * * *
The azure jelly freezes you! You resist.
* * * LOW HITPOINT WARNING * * *
The azure jelly hits you but does no damage.
The azure jelly hits you.
* * * LOW HITPOINT WARNING * * *
You feel yourself slow down.
The floating eye gazes piercingly through you!
You shrug off the repeated paralysis!
You can move again.
The azure jelly hits you but does no damage.
You block the azure jelly's attack.
The azure jelly hits you but does no damage. x2
The death ooze barely misses you. The death ooze completely misses you.
The acid blob spits acid at you. The splash of acid hits you!
The acid corrodes you!
You are splashed with acid!
The acid burns!
You die...

### ###.#######
##.#.J........
#....J@J......
......JGJ......
..........#....
....J.J..## .#.
....J.#.##
.........
..J#..#.#
.......##


You could see an acid blob, 2 azure jellies, a large slime creature, 4 slime
creatures, a death ooze and a floating eye.

Vanquished Creatures
  Rupert (D:12)
  Asterion (Snake:4)
  2 deep elf blademasters (Elf:3)
  3 acid blobs
  Gastronok (Lair:2)
  A deep elf master archer (Elf:3)
  Polyphemus (Shoals:2)
  2 tengu reavers
  7 nagarajas
  An azure jelly (Slime:3)
  Donald (Orc:2)
  Louise (Shoals:2)
  3 orc warlords (Orc:1)
  5 deep elf sorcerers
  5 deep elf elementalists
  Nessos (Lair:4)
  3 deep elf demonologists
  8 deep elf annihilators (Elf:3)
  5 deep elf death magi
  Snorg (Lair:4)
  A minotaur (Lab)
  A merfolk javelineer (Shoals:3)
  The ghost of lis82 the Eclecticist, a journeyman SpEn of Dithmenos (Orc:2)
  8 deep elf high priests
  3 merfolk impalers
  A great orb of eyes (Slime:1)
  2 merfolk avatars
  A vault guard (D:13)
  11 naga warriors
  6 hydras
  A catoblepas (Shoals:2)
  5 centaur warriors
  4 merfolk aquamancers
  19 anacondas
  A satyr (Shoals:2)
  An alligator snapping turtle (Shoals:3)
  23 dancing weapons
  2 ogre magi (D:15)
  16 two-headed ogres
  2 deep troll earth magi
  12 shock serpents
  3 death yaks (Shoals:2)
  3 tengu warriors
  Urug (D:12)
  A large abomination (Elf:3)
  12 naga sharpshooters
  5 orc high priests
  20 deep elf knights
  A shock serpent (shapeshifter) (Elf:3)
  A fire crab (shapeshifter) (D:15)
  7 salamander mystics
  4 unseen horrors
  9 sea snakes
  11 deep elf archers
  A wizard (D:15)
  8 naga ritualists
  8 orc knights
  4 lindwurms (Snake:4)
  4 harpies (Shoals:3)
  A lindwurm (shapeshifter) (D:15)
  15 mana vipers
  14 ugly things
  6 cyclopes
  4 orc sorcerers
  4 fauns
  9 manticores
  2 shining eyes
  59 deep elf magi
  2 merfolk sirens (Shoals:1)
  Maurice (D:11)
  6 salamanders
  13 elephants
  9 guardian serpents
  44 black mambas
  A water nymph (Shoals:2)
  33 spiny frogs
  A torpor snail (Lair:4)
  21 naga magi
  2 gargoyles
  2 kobold demonologists (D:10)
  7 komodo dragons
  A redback zombie (D:14)
  A tengu conjurer (D:14)
  A freezing wraith (D:14)
  2 rime drakes
  A meliai (D:15)
  12 merfolk
  9 trolls
  Prince Ribbit (D:9)
  2 harpy zombies (Shoals:2)
  4 wind drakes
  A troll (shapeshifter) (Elf:2)
  A polar bear (Lair:6)
  2 hornets
  27 blink frogs
  8 dream sheep
  A queen bee (Lair:3)
  3 tyrant leeches (Lair:6)
  7 hippogriffs
  7 snapping turtles
  26 slime creatures
  A shadow (D:15)
  21 water elementals
  5 wyverns
  Sigmund (D:2)
  2 vampires
  A wraith (D:12)
  5 fire elementals
  7 basilisks
  42 yaks
  Eustachio (D:4)
  3 steam dragons
  2 hungry ghosts
  8 vampire mosquitoes
  6 wargs
  47 nagas
  A soldier ant (D:13)
  6 porcupines
  13 water moccasins
  2 ice beasts
  36 orc warriors
  3 phantoms
  5 sky beasts
  A black bear (shapeshifter) (D:15)
  4 black bears
  18 ogres
  A boggart (D:14)
  4 eyes of draining
  5 wolves
  14 centaurs
  19 crocodiles
  4 big kobolds
  2 hippogriff zombies (Shoals:2)
  26 bullfrogs
  2 gnoll sergeants (D:10)
  A wyvern zombie (D:9)
  4 earth elementals
  22 scorpions
  2 wights (D:7)
  45 killer bees
  4 electric eels
  5 howler monkeys (D:7)
  5 lava snakes (Snake:3)
  8 centaur zombies
  5 crimson imps
  6 hounds
  A quasit (D:11)
  A human zombie (Ossuary)
  A jelly (D:6)
  28 orc priests
  A bullfrog skeleton (D:7)
  4 centaur skeletons
  28 orc wizards
  10 worker ants
  Terence (D:2)
  A killer bee zombie (D:6)
  2 big kobold zombies (Ossuary)
  A hound skeleton (D:9)
  2 mummies (Ossuary)
  12 gnolls
  2 howler monkey skeletons (D:11)
  29 adders
  6 river rats
  2 scorpion zombies (Ossuary)
  4 shadow imps
  2 oozes
  An adder zombie (D:10)
  An adder skeleton (D:4)
  3 worms
  2 dart slugs (D:2)
  A leopard gecko (D:2)
  101 orcs
  7 giant cockroaches
  8 goblins
  7 hobgoblins
  5 jackals
  11 kobolds
  3 quokkas
  12 ball pythons
  13 bats
  10 frilled lizards
  2 gnoll zombies (Ossuary)
  A goblin zombie (Ossuary)
  A leopard gecko skeleton (D:6)
  4 orc zombies (Ossuary)
  26 rats
  A rat (shapeshifter) (Elf:1)
  2 crawling corpses (Elf:3)
  3 fungi
  5 plants
1443 creatures vanquished.

Vanquished Creatures (collateral kills)
  Agnes (Snake:4)
  A nagaraja (Snake:4)
  A naga warrior (Snake:4)
  2 naga sharpshooters (Snake:4)
  A salamander mystic (Snake:4)
  A glowing orange brain (Slime:2)
  An unseen horror (D:7)
  2 orc knights
  2 salamanders (Snake:4)
  A cyclops (D:14)
  An ugly thing (D:14)
  2 naga magi (Snake:4)
  A kobold demonologist (D:11)
  4 slime creatures (Slime:2)
  A hungry ghost (D:7)
  Menkaure (D:7)
  A naga (Snake:4)
  4 orc warriors
  3 ogres
  2 eyes of draining (Slime:2)
  A bullfrog (D:7)
  A gnoll sergeant (D:10)
  2 killer bees (D:7)
  A crimson imp (D:10)
  A centaur skeleton (D:7)
  2 orc priests (D:7)
  A hound (D:7)
  An orc wizard (D:7)
  A worker ant (D:7)
  2 gnolls (D:10)
  An adder (D:7)
  21 orcs
  4 jackals (D:7)
72 creatures vanquished.

Vanquished Creatures (others)
  A dancing weapon (Elf:2)
  A water elemental (Elf:2)
  A mummy (Ossuary)
  A bush (Lair:6)
  42 fungi
  25 plants
71 creatures vanquished.

Grand Total: 1586 creatures vanquished

Notes
Turn   | Place    | Note
-------+----------+-------------------------------------------
     0 | D:1      | HivePlant the Minotaur Berserker began the quest for the Orb.
     0 | D:1      | Reached XP level 1. HP: 19/19 MP: 0/0
    82 | D:1      | Reached skill level 4 in Axes
   201 | D:1      | Reached XP level 2. HP: 26/26 MP: 1/1
   824 | D:2      | Reached skill level 5 in Axes
   845 | D:2      | Reached XP level 3. HP: 31/31 MP: 2/2
   861 | D:2      | Noticed Terence
   878 | D:2      | Killed Terence
   952 | D:2      | Noticed Sigmund
  1183 | D:2      | Reached skill level 6 in Axes
  1183 | D:2      | Reached XP level 4. HP: 37/39 MP: 3/3
  1538 | D:2      | Killed Sigmund
  1538 | D:2      | Reached skill level 8 in Axes
  1538 | D:2      | Reached XP level 5. HP: 45/45 MP: 4/4
  1970 | D:3      | Reached ** piety under Trog
  2025 | D:3      | Reached XP level 6. HP: 51/51 MP: 5/5
  3024 | D:4      | Found a sand-covered staircase.
  3029 | Ossuary  | Entered an ossuary
  3041 | Ossuary  | Reached skill level 9 in Axes
  3125 | Ossuary  | Reached XP level 7. HP: 57/57 MP: 6/6
  3473 | Ossuary  | Reached skill level 10 in Axes
  3489 | Ossuary  | Reached *** piety under Trog
  3588 | Ossuary  | Reached XP level 8. HP: 67/67 MP: 7/7
  3589 | Ossuary  | Reached skill level 5 in Fighting
  4114 | D:4      | Found a staircase to the Ecumenical Temple.
  4115 | D:4      | Noticed Eustachio
  4160 | D:4      | Killed Eustachio
  4380 | Temple   | Entered the Ecumenical Temple
  4549 | D:5      | Entered Level 5 of the Dungeon
  4591 | D:5      | Reached skill level 5 in Armour
  4637 | D:5      | Found a bloodstained altar of Trog.
  4868 | D:5      | Found an opulent altar of Gozag.
  4869 | D:5      | Found a basalt altar of Yredelemnul.
  4897 | D:5      | Found a shattered altar of Ashenzari.
  5378 | D:6      | Found a glowing drain.
  5390 | Sewer    | Entered a sewer
  5499 | Sewer    | Reached **** piety under Trog
  5679 | Sewer    | Reached skill level 5 in Dodging
  6506 | D:6      | Reached XP level 9. HP: 77/78 MP: 8/8
  6563 | D:7      | Noticed Menkaure
  6573 | D:7      | Reached skill level 11 in Axes
  6573 | D:7      | Killed Menkaure
  6638 | D:7      | Killed an unseen horror
  6670 | D:7      | Identified Vuetif's Papyrus of Creative Confrontation
  6741 | D:7      | Killed an unseen horror
  6850 | D:7      | Found a bloodstained altar of Trog.
  6851 | D:7      | Found a glowing golden altar of the Shining One.
  6851 | D:7      | Found an opulent altar of Gozag.
  6851 | D:7      | Found a sparkling altar of Nemelex Xobeh.
  6880 | D:7      | Reached XP level 10. HP: 86/88 MP: 9/9
  6984 | D:7      | Found a flagged portal.
  6995 | Bailey   | Entered a bailey
  7166 | Bailey   | Reached skill level 12 in Axes
  7504 | Bailey   | Noticed an orc knight
  7543 | Bailey   | Killed an orc knight
  7620 | Bailey   | Noticed an orc knight
  7620 | Bailey   | Noticed an orc knight
  7674 | Bailey   | Killed an orc knight
  7675 | Bailey   | Killed an orc knight
  7763 | Bailey   | Noticed an orc knight
  7782 | Bailey   | Killed an orc knight
  8454 | D:7      | You fall through a shaft!
  8815 | D:8      | Noticed a two-headed ogre
  8824 | D:8      | Killed a two-headed ogre
  9639 | D:9      | Noticed a two-headed ogre
  9643 | D:9      | Killed a two-headed ogre
  9643 | D:9      | Reached XP level 11. HP: 99/99 MP: 10/10
  9671 | D:9      | Reached skill level 10 in Fighting
  9968 | D:9      | Noticed Prince Ribbit
  9986 | D:9      | Killed Prince Ribbit
 10412 | D:9      | Reached skill level 13 in Axes
 10614 | D:9      | Reached ***** piety under Trog
 10796 | D:10     | Entered Level 10 of the Dungeon
 10906 | D:10     | Reached skill level 1 in Evocations
 11055 | D:10     | Found a staircase to the Orcish Mines.
 11063 | D:10     | Reached skill level 10 in Armour
 11592 | D:10     | Found a staircase to the Lair.
 11878 | D:10     | Found a corrupted altar of Lugonu.
 12473 | D:11     | Noticed Maurice
 12484 | D:11     | Killed Maurice
 12487 | D:11     | Noticed a green ugly thing
 12584 | D:12     | Noticed an orc knight
 12847 | D:11     | Noticed a purple ugly thing
 13523 | D:10     | Killed an unseen horror
 13523 | D:10     | Reached skill level 10 in Dodging
 13865 | D:11     | Reached XP level 12. HP: 110/110 MP: 13/13
 14747 | D:12     | Found Mowniuze's Pet Rocks.
 14751 | D:12     | Noticed Urug
 14802 | D:12     | Noticed a two-headed ogre
 15057 | D:12     | Noticed Rupert
 15104 | Lair:1   | Entered Level 1 of the Lair of Beasts
 15144 | Lair:1   | Reached skill level 14 in Axes
 16259 | Lair:2   | Received a gift from Trog
 16638 | Lair:2   | Noticed Gastronok
 16669 | Lair:2   | Killed Gastronok
 16669 | Lair:2   | Reached skill level 5 in Evocations
 17932 | Lair:3   | Reached XP level 13. HP: 118/118 MP: 16/16
 18183 | Lair:2   | Received a gift from Trog
 18571 | Lair:3   | Identified a scroll of acquirement
 19151 | Lair:4   | Noticed Snorg
 19172 | Lair:4   | Found a labyrinth entrance.
 19181 | Lab      | Entered a labyrinth
 19473 | Lab      | Noticed a minotaur
 19481 | Lab      | Killed a minotaur
 19481 | Lab      | Reached skill level 15 in Axes
 19548 | Lab      | Got a twitching ruby amulet
 19549 | Lab      | Identified the amulet of Fario {Gourm *Slow +Blink Str+6 Int+3} (You found it in a labyrinth)
 19560 | Lair:4   | Killed Snorg
 20058 | Lair:4   | Found a staircase to the Shoals.
 20079 | Lair:4   | Found a staircase to the Snake Pit.
 20477 | Lair:4   | Noticed Nessos
 20485 | Lair:4   | Killed Nessos
 20965 | Lair:5   | Reached skill level 16 in Axes
 21160 | Lair:5   | Found a staircase to the Slime Pits.
 21161 | Lair:5   | Found a viscous altar of Jiyva.
 21220 | Lair:5   | Reached XP level 14. HP: 129/129 MP: 5/17
 21749 | Lair:6   | Entered Level 6 of the Lair of Beasts
 21931 | Lair:6   | Received a gift from Trog
 22224 | Lair:6   | Reached skill level 17 in Axes
 23030 | Shoals:1 | Entered Level 1 of the Shoals
 24762 | Shoals:2 | Reached XP level 15. HP: 116/139 MP: 6/18
 25043 | Shoals:2 | Got an ancient robe
 25049 | Shoals:2 | Reached skill level 18 in Axes
 25062 | Shoals:2 | Identified the cursed +1 robe of Time Monsters {Str+3 Int+3 Stlth+} (You found it on level 2 of the Shoals)
 25190 | Shoals:2 | Found Kahuafis's Antique Weapon Boutique.
 25343 | Shoals:2 | Noticed Polyphemus
 25354 | Shoals:2 | Received a gift from Trog
 25362 | Shoals:2 | Killed Polyphemus
 25728 | Shoals:2 | Noticed Louise
 25748 | Shoals:2 | Killed Louise
 26845 | Shoals:3 | Reached skill level 15 in Fighting
 27812 | Shoals:4 | Entered Level 4 of the Shoals
 27822 | Shoals:4 | Noticed Ilsuiw
 28532 | Snake:1  | Entered Level 1 of the Snake Pit
 28678 | Snake:1  | Reached skill level 15 in Armour
 28684 | Snake:1  | Reached skill level 19 in Axes
 29715 | Snake:2  | Reached skill level 1 in Throwing
 29785 | Snake:2  | Reached XP level 16. HP: 71/149 MP: 6/19
 30437 | D:12     | Killed Urug
 30437 | D:12     | Received a gift from Trog
 31116 | D:12     | Paralysed by Rupert for 5 turns
 31128 | D:12     | Killed Rupert
 31660 | D:13     | Found a gate to the Vaults.
 31821 | D:13     | Received a gift from Trog
 31842 | D:13     | Found a burning altar of Makhleb.
 31842 | D:13     | Found Ubuzisoh's Wicked Wares.
 31856 | D:13     | Reached ****** piety under Trog
 32123 | D:14     | Found a white marble altar of Elyvilon.
 33214 | D:14     | Noticed a tengu reaver
 33225 | D:14     | Killed a tengu reaver
 33529 | D:15     | Entered Level 15 of the Dungeon
 33556 | D:15     | Received a gift from Trog
 33727 | D:15     | Reached skill level 15 in Dodging
 34133 | D:15     | Received a gift from Trog
 34149 | D:15     | Reached skill level 20 in Axes
 34173 | D:15     | Paralysed by an ogre mage for 3 turns
 34186 | D:15     | Reached XP level 17. HP: 157/159 MP: 6/20
 34199 | D:15     | Found a staircase to the Depths.
 34351 | D:15     | Found a runed door.
 34425 | D:15     | Got a pair of crude boots
 34436 | D:15     | Identified the +0 pair of boots of Sashom {rF+ MR+ Dex+3} (You found it on level 15 of the Dungeon)
 35208 | Orc:1    | Entered Level 1 of the Orcish Mines
 35277 | Orc:1    | Found a roughly hewn altar of Beogh.
 35435 | Orc:1    | Received a gift from Trog
 36451 | Orc:2    | Entered Level 2 of the Orcish Mines
 36525 | Orc:2    | Found a staircase to the Elven Halls.
 36566 | Orc:2    | Noticed lis82's ghost (journeyman SpEn)
 36583 | Orc:2    | Killed lis82's ghost
 36967 | Orc:2    | Noticed Donald
 36984 | Orc:2    | Killed Donald
 36984 | Orc:2    | Received a gift from Trog
 37282 | Orc:2    | Found Adazug's Assorted Antiques.
 37282 | Orc:2    | Found Qiyfus's Weapon Emporium.
 37282 | Orc:2    | Found Fohais's Jewellery Shoppe.
 37285 | Orc:2    | Found Qucy's Distillery.
 37604 | Elf:1    | Entered Level 1 of the Elven Halls
 37691 | Elf:1    | Found a flickering gateway to a bazaar.
 37697 | Bazaar   | Entered a bazaar
 37697 | Bazaar   | Found Weannuh's Gadget Shoppe.
 37697 | Bazaar   | Found Sesmap's Assorted Antiques.
 37697 | Bazaar   | Found Beatyeh's Weapon Emporium.
 37699 | Bazaar   | Found Deur's Magic Scroll Emporium.
 37713 | Bazaar   | Bought a scroll of acquirement for 572 gold pieces
 37713 | Bazaar   | Bought a scroll of acquirement for 572 gold pieces
 37717 | Bazaar   | Got an iridescent broad axe
 37718 | Bazaar   | Identified the +3 broad axe "Uhesch" {protect, rElec rN+ SInv} (You acquired it in a bazaar)
 37720 | Bazaar   | Got a pair of heavily runed gloves
 37726 | Bazaar   | Identified the +0 pair of gloves of Nixuepp {rElec} (You acquired it in a bazaar)
 38159 | Elf:1    | Received a gift from Trog
 38258 | Elf:1    | Received a gift from Trog
 38921 | Elf:2    | Reached skill level 21 in Axes
 39100 | Elf:2    | Found Cangoxoch's Assorted Antiques.
 39331 | Elf:2    | Found a runed gate.
 39331 | Elf:2    | Found a runed gate.
 39332 | Elf:2    | Found a runed gate.
 39822 | Elf:2    | Received a gift from Trog
 40016 | Elf:2    | Reached XP level 18. HP: 149/170 MP: 21/21
 40647 | Elf:3    | Entered Level 3 of the Elven Halls
 40814 | Elf:3    | Received a gift from Trog
 42013 | Elf:3    | Received a gift from Trog
 42013 | Elf:3    | Reached skill level 22 in Axes
 43374 | Elf:3    | Got a translucent ivory amulet
 43383 | Elf:3    | Identified the amulet "Ufeugur" {RegenMP rN++ MR+ Str-3 Slay+4} (You took it off a deep elf annihilator on level 3 of the Elven Halls)
 43507 | Elf:3    | Reached XP level 19. HP: 180/180 MP: 22/22
 43924 | Snake:2  | Received a gift from Trog
 45351 | Snake:3  | Received a gift from Trog
 46751 | Snake:3  | Reached skill level 23 in Axes
 46751 | Snake:3  | Reached skill level 1 in Shields
 47053 | Snake:3  | Found Nlog's Needful Niceties.
 47499 | Snake:3  | Identified the +1 pair of boots "Uhoiss" {-Tele rN+ Int+3 Stlth+} (You found it on level 3 of the Snake Pit)
 47514 | Snake:4  | Entered Level 4 of the Snake Pit
 47788 | Snake:4  | Received a gift from Trog
 47981 | Snake:4  | Noticed Asterion
 47993 | Snake:4  | Killed Asterion
 48315 | Snake:4  | Noticed Agnes
 48327 | Snake:4  | Killed Agnes
 49026 | Snake:4  | Reached skill level 5 in Shields
 49700 | Snake:4  | Received a gift from Trog
 50251 | Snake:4  | Reached XP level 20. HP: 185/191 MP: 23/23
 51003 | Snake:4  | Got a serpentine rune of Zot
 51203 | Slime:1  | Entered Level 1 of the Pits of Slime
 51211 | Slime:1  | Gained mutation: Your body sometimes deteriorates upon taking damage. [a shining eye]
 51793 | Slime:1  | Found a viscous altar of Jiyva.
 51893 | Slime:2  | Received a gift from Trog
 52290 | Slime:2  | Paralysed by a floating eye for 4 turns
 52294 | Slime:2  | HP: 8/191 [azure jelly (3)]
 52295 | Slime:2  | Splashed by an acid blob's acid

Skill      XL: |  1  2  3  4  5  6  7  8  9 10 11 12 13 14 15 16 17 18 19 20 |
---------------+-------------------------------------------------------------+-----
Axes           | 4 5 6 8 9 10 11 12 13 14 16 17 19 20 21 22 23 | 23.7
Fighting       | 4 6 8 9 11 12 13 14 15 16 17 18 19 | 19.2
Armour         | 4 5 7 9 10 12 13 14 15 16 17 18 19 | 19.0
Dodging        | 3 5 7 8 10 11 12 13 14 15 16 17 | 17.7
Evocations     | 3 5 6 |  6.0
Throwing       | 1 4 |  4.0
Shields        | 6 7 |  7.9

Action                   |  1- 3 |  4- 6 |  7- 9 | 10-12 | 13-15 | 16-18 | 19-21 || total
-------------------------+-------+-------+-------+-------+-------+-------+-------++-------
Melee: Hand axe          |    60 |    96 |   214 |       |       |       |       ||   370
       Headbutt          |     6 |    20 |    61 |   111 |   255 |   295 |   195 ||   943
       Battleaxe         |       |       |    63 |   438 |   857 |   361 |       ||  1719
       Broad axe         |       |       |       |       |     4 |   483 |   624 ||  1111
       Executioner's axe |       |       |       |       |       |   222 |       ||   222
Throw: Stone             |    15 |    49 |    22 |    57 |     5 |       |       ||   148
       Tomahawk          |       |    10 |    58 |    33 |    76 |       |       ||   177
       Throwing net      |       |       |       |     1 |       |       |       ||     1
       Javelin           |       |       |       |       |     9 |    50 |       ||    59
Invok: Berserk           |     4 |     7 |     9 |    21 |    26 |    13 |     6 ||    86
       Brothers in Arms  |       |       |     4 |     7 |     1 |     3 |     4 ||    19
       Burn Spellbooks   |       |       |       |     2 |     2 |     7 |     4 ||    15
       Trog's Hand       |       |       |       |     1 |       |     2 |     2 ||     5
 Abil: Evoke Blink       |       |       |       |       |     1 |     1 |       ||     2
Evoke: Wand              |       |       |       |    17 |       |     6 |     1 ||    24
       Lightning rod     |       |       |       |       |       |     1 |    10 ||    11
  Use: Scroll            |       |     7 |    10 |     8 |    16 |    10 |     3 ||    54
       Potion            |       |       |     3 |     5 |     2 |     5 |       ||    15
 Stab: Held in net/web   |       |       |       |     3 |       |     1 |       ||     4
       Distracted        |       |       |       |       |     1 |     1 |     1 ||     3
  Eat: Chunk             |     4 |    12 |    16 |    24 |    50 |    66 |    33 ||   205
       Ration            |       |       |     2 |    10 |     4 |     1 |       ||    17
Armor: Animal skin       |     8 |       |       |       |       |       |       ||     8
       Ring mail         |     5 |     8 |       |       |       |       |       ||    13
       Scale mail        |       |    24 |    12 |       |       |       |       ||    36
       Chain mail        |       |       |   107 |    88 |       |       |       ||   195
       Plate armour      |       |       |       |   173 |   117 |       |       ||   290
       Crystal plate arm |       |       |       |       |   460 |   523 |   293 ||  1276
Dodge: Dodged            |    37 |    40 |   125 |   309 |   574 |   650 |   301 ||  2036
Block: Large shield      |       |       |       |       |       |       |   409 ||   409
       Buckler           |       |       |       |       |       |       |     2 ||     2
